 Seeded DCSS version 0.29.1-15-g9cfb28693d (webtiles) character file.

Game seed: 16245865983455551772 (custom seed)

4 Atreus the Shooter (level 1, -1/10 HPs)
             Began as a Spriggan Hunter on Mar 6, 2023.
             Slain by a quokka (3 damage)
             ... on level 1 of the Dungeon.
             The game lasted 00:00:38 (80 turns).

Atreus the Shooter (Spriggan Hunter)                  Turns: 80, Time: 00:00:38

Health: -1/10      AC:  2    Str: 11    XL:     1   Next: 50%
Magic:  2/2        EV: 18    Int: 10    God:
Gold:   0          SH:  0    Dex: 24    Spells: 0/0 levels left

rFire   . . .      SeeInvis +   a - +0 shortbow
rCold   . . .      Faith    .   (shield currently unavailable)
rNeg    + . .      Spirit   .   c - +0 robe
rPois   .          Reflect  .   (helmet restricted)
rElec   .          Harm     .   (no cloak)
rCorr   .          Rampage  .   (gloves unavailable)
Will    .....                   (boots unavailable)
Stlth   ++........              (no amulet)
HPRegen 0.03/turn               e - ring "Cankiuk" {rN+ Str+4 Dex+6}
MPRegen 0.08/turn               (no ring)

@: very quick
A: very small, no large weapons, unfitting armour, see invisible, speed 3
a: no special abilities


You were on level 1 of the Dungeon.
You visited 1 branch of the dungeon, and saw 1 of its levels.

Inventory:

Hand Weapons
 a - a +0 shortbow (weapon)
Armour
 c - a +0 robe (worn)
Jewellery
 e - the ring "Cankiuk" (left hand) {rN+ Str+4 Dex+6}
   (You acquired it on level 1 of the Dungeon)

   [ring of dexterity]

   Str:       It affects your strength (+4).
   Dex:       It affects your dexterity (+6).
   rN:        It protects you from negative energy.
Scrolls
 b - a scroll of immolation
 d - a scroll of acquirement


   Skills:
 + Level 1.5 Fighting
 + Level 4.2 Ranged Weapons
 + Level 2.7 Dodging
 + Level 1.5 Stealth


You couldn't memorise any spells.
You didn't know any spells.
Your spell library was empty.

Dungeon Overview and Level Annotations

Branches:
Dungeon (1/15)

Altars:


Innate Abilities, Weirdness & Mutations

You are very small and have problems with some larger weapons.
You are too small for most types of armour.
You have supernaturally acute eyesight. (SInv)
You cover ground extremely quickly. (Speed+++)


Message History

You shoot an arrow.
The arrow hits the quokka but does no damage.
The quokka closely misses you. The quokka completely misses you.
This is a scroll of acquirement!
Something appears at your feet! The quokka completely misses you.
e - the ring "Cankiuk" {rN+ Str+4 Dex+6} The quokka closely misses you.
Really attack while wielding your +0 shortbow? [Y]es or [N]o only, please.
Really attack while wielding your +0 shortbow? [Y]es or [N]o only, please.
Really attack while wielding your +0 shortbow? [Y]es or [N]o only, please.
Really attack while wielding your +0 shortbow? [Y]es or [N]o only, please.
Really attack while wielding your +0 shortbow?
You clumsily bash the quokka but do no damage.
The quokka closely misses you.
The quokka bites you but does no damage.
You closely miss the quokka. The quokka barely misses you.
The quokka closely misses you.
Fire: a) +0 shortbow
Press: ? - help, Q - select action Shift-Dir - straight line, f/p - quokka
Aim: a quokka (53% to hit)
You shoot an arrow. The arrow barely misses the quokka.
The quokka bites you.
Ouch! That really hurt!
* * * LOW HITPOINT WARNING * * *
You feel agile.
You feel stronger.
e - the ring "Cankiuk" (left hand) {rN+ Str+4 Dex+6} The quokka closely misses you.
Something appears at your feet! The quokka closely misses you.
You clumsily bash the quokka but do no damage.
The quokka closely misses you. The quokka misses you.
You clumsily bash the quokka but do no damage.
The quokka twitches its whiskers.
The quokka completely misses you. The quokka misses you.
You clumsily bash the quokka but do no damage.
The quokka misses you. The quokka bites you.
You die...

### #.. #.# #
#.######..##
###.##.#.@r......
.........#..#....
##.##...#..# .
#...###.#
#...#(#..
#..##.##.# ...
#..#...#.. ....
##.##...##.## ....
#..#.....#..#.....


You could see a quokka.

Vanquished Creatures
  An endoplasm (D:1)
  A goblin (D:1)
  A quokka (D:1)
3 creatures vanquished.

Notes
Turn   | Place    | Note
-------+----------+-------------------------------------------
     0 | D:1      | Atreus the Spriggan Hunter began the quest for the Orb.
     0 | D:1      | Reached XP level 1. HP: 10/10 MP: 2/2
    71 | D:1      | Identified 3 scrolls of acquirement
    71 | D:1      | Acquired the ring "Cankiuk" {rN+ Str+4 Dex+6}
    77 | D:1      | Acquired 366 gold pieces
    80 | D:1      | Slain by a quokka

Illustrated notes

Levels and vault maps discovered:
D:1:      minmay_arrival_hallway, layout_loops_corners, basic_ecumenical_altar,
          minmay_unequal

Action                   || total
-------------------------++-------
Melee: Shortbow          ||     5
 Fire: Shortbow          ||    18
  Use: Scroll            ||     2
Armor: Robe              ||     3
Dodge: Dodged            ||    25
